 Dungeon Crawl Stone Soup version 0.30-a0-726-gd89dcf765f (webtiles) character file.

Game seed: 15680243877482795014

25 HoaS the Shooter (level 3, -3/21 HPs)
             Began as a Gargoyle Hunter on Jan 29, 2023.
             Slain by a gnoll
             ... wielding a +2 flail of holy wrath
              (11 damage)
             ... on level 1 of the Dungeon.
             The game lasted 00:02:37 (1233 turns).

HoaS the Shooter (Gargoyle Hunter)                  Turns: 1233, Time: 00:02:38

Health: -3/21      AC:  6    Str: 14    XL:     3   Next: 4%
Magic:  3/3        EV: 11    Int:  9    God:
Gold:   82         SH:  0    Dex: 15    Spells: 2/2 levels left

rFire   . . .      SeeInvis .    a - +0 shortbow
rCold   . . .      Faith    .    (shield currently unavailable)
rNeg    + . .      Spirit   .    c - +0 leather armour
rPois   ∞          Reflect  .    (no helmet)
rElec   +          Harm     .    (no cloak)
rCorr   +          Rampage  .    (no gloves)
Will    .....                    (no boots)
Stlth   ++                       (no amulet)
HPRegen 0.23/turn                i - ring of resist corrosion
MPRegen 0.08/turn                (no ring)

@: no status effects
A: sickness immunity, AC +3, negative energy resistance 1, electricity
resistance, torment resistance 1, petrification resistance
a: no special abilities


You were on level 1 of the Dungeon.
You visited 1 branch of the dungeon, and saw 2 of its levels.

You collected 82 gold pieces.

Inventory:

Hand Weapons
 a - a +0 shortbow (weapon)
Armour
 c - a +0 leather armour (worn)
Jewellery
 d - a ring of fire
 i - a ring of resist corrosion (left hand)
Wands
 l - a wand of charming (10)
Scrolls
 b - a scroll of immolation
 f - a scroll of identify {unknown}
 k - a scroll of torment {unknown}
Potions
 e - a potion of flight {unknown}
 g - a potion of attraction {unknown}
 h - a potion of curing {unknown}
 j - a potion of cancellation {unknown}


   Skills:
 - Level 2.1 Fighting
 + Level 4.9 Ranged Weapons
 - Level 1.5 Dodging
 - Level 1.1 Stealth


You had 2 spell levels left.
You didn't know any spells.
Your spell library contained the following spells:

 Spells                   Type           Power      Damage    Failure   Level
 Shock                    Conj/Air       0%         1d3       45%         1
 Swiftness                Air            0%         N/A       83%         3
 Airstrike                Air            0%         2d(0-16)  99%         4


Dungeon Overview and Level Annotations

Branches:
Dungeon (2/15)

Altars:

Annotations:
D:1 exclusion: gnoll
D:2 exclusion: 2 gnolls


Innate Abilities, Weirdness & Mutations

You are immune to sickness and miasma.
Your stone body is resilient. (AC +3)
You are immune to poison.
You resist negative energy. (rN+)
You are resistant to electric shocks. (rElec)
You are resistant to unholy torment.
You are immune to petrification.


Message History

Things that are here:
a +0 dagger; 5 stones; a kobold corpse A gnoll comes into view.
It is wielding a +0 club.
You shoot an arrow. The arrow hits the gnoll.
The gnoll shouts!
The gnoll is lightly wounded.
You hear a shout!
A gnoll comes into view. It is wielding a +0 whip.
A gnoll comes into view.
It is wielding a +2 flail of holy wrath.
The gnoll shouts!
You shoot an arrow. The arrow closely misses the gnoll.
You shoot an arrow. The arrow hits the gnoll.
The gnoll is heavily wounded.
You shoot an arrow.
The arrow hits the gnoll but does no damage.
The gnoll is heavily wounded.
You see here a +0 chain mail.
The gnoll attacks as you move away!
The gnoll hits you with a +2 flail of holy wrath!
The gnoll attacks as you move away! The gnoll barely misses you.
The gnoll attacks as you move away! The gnoll hits you but does no damage.
A gnoll comes into view. It is wielding a +0 club.
There is a stone staircase leading up here.
The gnoll hits you with a +2 flail of holy wrath.
You climb upwards.
Level annotation: exclusion: gnoll
There is a stone staircase leading down here.
You shoot an arrow.
The arrow hits the gnoll but does no damage.
The gnoll is heavily wounded.
The gnoll hits you with a +2 flail of holy wrath.
You shoot an arrow. The arrow hits the gnoll.
The gnoll is severely wounded.
The gnoll hits you but does no damage.
You shoot an arrow.
The arrow hits the gnoll but does no damage.
The gnoll is severely wounded.
The gnoll hits you with a +2 flail of holy wrath!
Ouch! That really hurt!
You die...

#.# ##.#.## ##....†.# #.#
#.##.###.#####.# #.# #.###.#.##
#.# #.# ##'####.## #.# ##.##
##...##### #.# ######...##
##.....## ####.# #.........#
##.......## ##.##.#
#.####....###..g......####......
#.##........'..@......+.........
#.##.#...####.........####...#..
#.##.##.## ##.......## #......
#.##.##.# ##.....######...##.
#.......# ##...#............
####.#### ##'##.######..##. #.#
#.##.# #........ #.#
#########.##÷# #.##..### #.#
#.........##[###.##..###


You could see a gnoll.

Vanquished Creatures
  A worm (D:2)
  A dart slug (D:1)
  2 ball pythons
  2 bats
  An endoplasm (D:2)
  2 goblins (D:1)
  A hobgoblin (D:1)
  A quokka (D:1)
  2 frilled lizards
  5 kobolds
  A rat (D:2)
19 creatures vanquished.

Notes
Turn   | Place    | Note
-------+----------+-------------------------------------------
     0 | D:1      | HoaS the Gargoyle Hunter began the quest for the Orb.
     0 | D:1      | Reached XP level 1. HP: 12/12 MP: 1/1
   228 | D:1      | Reached XP level 2. HP: 17/17 MP: 2/2
   958 | D:2      | Found a faded altar of an unknown god.
  1188 | D:2      | Reached XP level 3. HP: 21/21 MP: 3/3
  1233 | D:1      | Slain by a gnoll

Illustrated notes

Levels and vault maps discovered:
D:1:      dpeg_arrival_rooms_b, layout_loops_corners
D:2:      layout_rooms, ebering_ecumenical_altar_mist, serial_shops,
          shop_fountains

Action                     || total
---------------------------++-------
   Fire: Shortbow          ||    63
    Use: Scroll            ||     2
 Armour: Leather armour    ||     6
  Dodge: Dodged            ||    15

Table legend: (Time is in decaauts)
 A = Elapsed time spent in this place.
 B = Non-inter-level travel time spent in this place.
 C = Inter-level travel time spent in this place.
 D = Time resting spent in this place.
 E = Time spent auto-exploring this place.
 F = Levels seen in this place.
 G = Mean time per level.
                   A        B        C        D        E       F      G
               +--------+--------+--------+--------+--------+-----+--------+
         Total |   1251 |   1227 |     24 |     27 |   1028 |   2 |  625.5 |
       Dungeon |   1251 |   1227 |     24 |     27 |   1028 |   2 |  625.5 |
               +--------+--------+--------+--------+--------+-----+--------+

Top non-repeatable levels by time:
     D:1: 965 daAuts
     D:2: 285 daAuts
